 Dungeon Crawl Stone Soup version 0.31.0-12-g77e489cdc1 (webtiles) character file.

Game seed: 16483666211247761230

255 James the Shooter (level 5, -2/26 HPs)
             Began as a Spriggan Hunter on Feb 14, 2024.
             Slain by Grinder (4 damage)
             ... on level 3 of the Dungeon.
             The game lasted 00:07:52 (2745 turns).

James the Shooter (Spriggan Hunter)                 Turns: 2745, Time: 00:07:52

Health: -2/26      AC:  3    Str:  7    XL:     5   Next: 91%
Magic:  6/6        EV: 18    Int: 11    God:
Gold:   117        SH:  0    Dex: 20    Spells: 4/4 levels left

rFire   . . .        a - +0 shortbow
rCold   . . .        (shield currently unavailable)
rNeg    . . .        c - +1 robe
rPois   .            (helmet restricted)
rElec   .            (no cloak)
rCorr   .            (gloves unavailable)
SInv    +            (boots unavailable)
Will    .....        (no amulet)
Stlth   ++           n - ring of wizardry
HPRegen 0.24/turn    (no ring)
MPRegen 0.10/turn

%: wizardry (x1)
@: hasted, very quick
A: very small, no large weapons, unfitting armour, see invisible, speed 3
a: no special abilities


You were on level 3 of the Dungeon.
You visited 1 branch of the dungeon, and saw 4 of its levels.

You collected 117 gold pieces.

Inventory:

Hand Weapons
 a - a +0 shortbow (weapon)
 b - the +4 dagger "Betsin" {antimagic, rCorr}
   (You found it on level 3 of the Dungeon)

   rCorr:     It protects you from acid and corrosion.
 e - a +1 dagger of venom
   (You took it off a goblin on level 3 of the Dungeon)
 g - a +0 spear
   (You took it off a gnoll on level 1 of the Dungeon)
 q - a +2 hand axe of electrocution
   (You took it off an orc on level 3 of the Dungeon)
 r - a +0 short sword
   (You took it off a kobold on level 1 of the Dungeon)
Missiles
 l - 6 poisoned darts
Armour
 c - a +1 robe (worn)
 h - a +0 robe
   (You found it on level 1 of the Dungeon)
 i - a +0 animal skin
   (You took it off Robin on level 1 of the Dungeon)
 p - a +0 robe
   (You took it off an orc wizard on level 3 of the Dungeon)
 v - a +0 robe
   (You found it on level 3 of the Dungeon)
Jewellery
 n - a ring of wizardry (left hand)
   (You found it on level 2 of the Dungeon)
Wands
 u - a wand of roots (4)
   (You found it on level 2 of the Dungeon)
Scrolls
 j - 3 scrolls of enchant armour
 m - a scroll of butterflies
 s - a scroll of immolation {!r}
Potions
 d - 2 potions of ambrosia
 k - 4 potions of curing {@q1}
 o - a potion of resistance {unknown}


   Skills:
 + Level 1.6 Fighting
 * Level 7.1 Ranged Weapons
 + Level 2.9 Dodging
 + Level 1.9 Stealth


You had 4 spell levels left.
You didn't know any spells.
Your spell library contained the following spells:

 Spells                   Type           Power      Damage    Failure   Level
 Apportation              Tloc           0%         N/A       14%         1
 Slow                     Hex            0%         N/A       14%         1
 Summon Forest            Summ/Tloc      0%         N/A       98%         5
 Summon Mana Viper        Hex/Summ       0%         N/A       98%         5
 Discord                  Hex            0%         N/A       100%        8


Dungeon Overview and Level Annotations

Branches:
Dungeon (4/15)
 Temple: D:4-7

Altars:
Hepliaklqana

Annotations:
D:3 Grinder
D:4 Pikel


Innate Abilities, Weirdness & Mutations

You are very small and have problems with some larger weapons.
You are too small for most types of armour.
You have supernaturally acute eyesight. (SInv)
You cover ground extremely quickly. (Speed+++)


Message History

You shoot an arrow. The arrow hits Grinder.
You shoot an arrow. The arrow closely misses Grinder.
Grinder gestures at you.
You suddenly lose the ability to move!
Grinder says, "You look like you could use a good racking."
Grinder zaps a wand.
The puff of flame hits you!
Grinder zaps a wand.
The puff of flame hits you.
You can move again.
Unknown command.
You shoot an arrow. The arrow closely misses Grinder.
Grinder hits you!
* * * LOW HITPOINT WARNING * * *
You writhe in agony.
* * * LOW HITPOINT WARNING * * *
You climb upwards.
There is a stone staircase leading down here.
Unknown command.
You are too injured to fight recklessly!
Unknown command.
There is a dry fountain here.
You are too injured to fight recklessly!
Fire: a) +0 shortbow
Press: ? - help, Q - select action, (/) - cycle Shift-Dir - straight line, f - Grinder
Aim: Grinder, carrying a wand of flame (lightly wounded, 62% to hit)
You shoot an arrow.
The arrow hits Grinder but does no damage.
Fire: a) +0 shortbow
Press: ? - help, Q - select action, (/) - cycle Shift-Dir - straight line, f/p - Grinder
Aim: Grinder, carrying a wand of flame (lightly wounded, 62% to hit)
You shoot an arrow. The arrow hits Grinder.
Grinder gestures at you. You resist with some effort.
Fire: a) +0 shortbow
Press: ? - help, Q - select action, (/) - cycle Shift-Dir - straight line, f/p - Grinder
Aim: Grinder, carrying a wand of flame (lightly wounded, 62% to hit)
You shoot an arrow. The arrow hits Grinder.
Grinder says, "You look like you could use a good racking."
Grinder completely misses you.
Fire: a) +0 shortbow
Press: ? - help, Q - select action, (/) - cycle Shift-Dir - straight line, f/p - Grinder
Aim: Grinder, carrying a wand of flame (moderately wounded, 62% to hit)
You shoot an arrow. The arrow hits Grinder!
Grinder zaps a wand.
The puff of flame hits you!
* * * LOW HITPOINT WARNING * * *
You feel yourself speed up. Grinder hits you.
You die...
Grinder sighs, "Dead already?
I want a refund."

#.#.####.#.###.....
######[#.........##.....
#......##...##...##.....
#......'⌠........##.....
#................#####..
#.........>.⌠....# #..
#.............#### #..
#......#5....## ######..
#......@....## #.......
######.....## #......#
#...### #......# #...#
#......# #...# #......#
#...# #......# #...#
######## #...# #...#


You could see Grinder.

Vanquished Creatures
  2 lemures
  A hound (D:4)
  An orc priest (D:3)
  A jelly (D:4)
  Terence (D:2)
  An orc wizard (D:3)
  Robin (D:1)
  A gnoll (D:1)
  3 adders
  2 dart slugs
  4 orcs (D:3)
  5 ball pythons
  2 endoplasms
  2 giant cockroaches
  11 goblins
  10 hobgoblins
  2 jackals (D:1)
  3 quokkas
  4 bats
  A frilled lizard (D:2)
  4 kobolds
  4 rats
66 creatures vanquished.

Notes
Turn   | Place    | Note
-------+----------+-------------------------------------------
     0 | D:1      | James the Spriggan Hunter began the quest for the Orb.
     0 | D:1      | Reached XP level 1. HP: 10/10 MP: 2/2
   136 | D:1      | Reached XP level 2. HP: 14/14 MP: 3/3
   342 | D:1      | Reached skill level 5 in Ranged Weapons
   354 | D:1      | Reached XP level 3. HP: 18/18 MP: 4/4
   655 | D:2      | Noticed Robin
   699 | D:1      | Killed Robin
   781 | D:2      | Reached XP level 4. HP: 22/22 MP: 5/5
  1023 | D:2      | You fall into a shaft and drop 1 floor!
  1115 | D:3      | Reached skill level 6 in Ranged Weapons
  1128 | D:3      | Reached XP level 5. HP: 15/25 MP: 6/6
  1300 | D:3      | Identified the +4 dagger "Betsin" {antimagic, rCorr}
  1404 | D:3      | Found a faded altar of an unknown god.
  1548 | D:2      | Noticed Terence
  1577 | D:2      | Killed Terence
  1905 | D:3      | Got the Quarto of the Vexing Compass
  2300 | D:4      | Found a hazy altar of Hepliaklqana.
  2331 | D:4      | Noticed a lemure
  2417 | D:4      | Reached skill level 7 in Ranged Weapons
  2579 | D:3      | Killed a lemure
  2688 | D:4      | Noticed a lemure
  2689 | D:4      | Noticed a lemure
  2693 | D:4      | Noticed Pikel
  2711 | D:4      | Killed a lemure
  2729 | D:4      | Noticed Grinder
  2732 | D:4      | Paralysed by Grinder for 3 turns
  2745 | D:3      | Slain by Grinder

Illustrated notes

Levels and vault maps discovered:
D:1:      amcnicky_arrival_abandoned_market, layout_basic
D:2:      layout_loops_ring, chequers_serial_rivers_small_3, uniq_terence,
          uniq_robin
D:3:      layout_basic, hellmonk_ecumenical_altar_blasted, grunt_ministairs_1
D:4:      layout_loops_cross, mainiacjoe_overflow_six_doors_small,
          nicolae_overflow_hallway_of_the_gods, hangedman_decor_diamond_cutter,
          minmay_misc_feat_encased, uniq_pikel, uniq_grinder, uniq_duvessa

Skill      XL: |  1  2  3  4  5 |
---------------+----------------+-----
Ranged Weapons | 5 6 7 |  7.1
Fighting       | |  1.6
Dodging        | |  2.9
Stealth        | |  1.9

Action                     |  1- 3 |  4- 6 || total
---------------------------+-------+-------++-------
   Fire: Shortbow          |    82 |   140 ||   222
    Use: Scroll            |       |     5 ||     5
         Potion            |       |     1 ||     1
 Armour: Robe              |     7 |    12 ||    19
  Dodge: Dodged            |    20 |    32 ||    52
